 Dungeon Crawl Stone Soup version 0.29.1-4-g47bece8355 (webtiles) character file.

Game seed: 13424893966781244878

139 fishmans the Cudgeller (level 5, -1/32 HPs)
             Began as a Gargoyle Fighter on Dec 9, 2022.
             Slain by a white imp (4 damage)
             ... summoned by Natasha
             ... on level 3 of the Dungeon.
             The game lasted 00:11:55 (3897 turns).

fishmans the Cudgeller (Gargoyle Fighter)           Turns: 3897, Time: 00:11:56

Health: -1/32      AC: 10    Str: 21    XL:     5   Next: 22%
Magic:  5/5        EV:  9    Int:  9    God:
Gold:   126        SH:  4    Dex:  9    Spells: 4/4 levels left

rFire   . . .      SeeInvis .   a - +0 flail
rCold   . . .      Faith    .   c - +0 buckler
rNeg    + . .      Spirit   .   b - +0 scale mail
rPois   ∞          Reflect  .   (no helmet)
rElec   +          Harm     .   (no cloak)
rCorr   .          Rampage  .   (no gloves)
Will    .....                   (no boots)
Stlth   ..........              (no amulet)
HPRegen 0.10/turn               (no ring)
MPRegen 0.09/turn               (no ring)

@: slowed, very slow
A: sickness immunity, AC +4, negative energy resistance 1, electricity
resistance, torment resistance 1, petrification resistance
a: no special abilities


You were on level 3 of the Dungeon.
You visited 1 branch of the dungeon, and saw 3 of its levels.

You collected 126 gold pieces.

Inventory:

Hand Weapons
 a - a +0 flail (weapon)
Missiles
 e - 7 poisoned darts (quivered)
 o - 3 javelins
Armour
 b - a +0 scale mail (worn)
 c - a +0 buckler (worn)
Scrolls
 g - a scroll of teleportation
 i - a scroll of magic mapping {unknown}
 m - 2 scrolls of identify
 n - a scroll of poison
Potions
 d - a potion of might
 f - a potion of flight
 h - a potion of attraction
 j - a potion of cancellation {unknown}
 k - 2 potions of berserk rage {unknown}
 l - 2 potions of curing


   Skills:
 - Level 3.2 Fighting
 + Level 5.2 Maces & Flails
 - Level 3.2 Armour
 - Level 3.2 Shields


You had 4 spell levels left.
You didn't know any spells.
Your spell library contained the following spells:

 Spells                   Type           Power      Damage    Failure   Level
 Gell's Gravitas          Tloc           0%         N/A       99%         3
 Lesser Beckoning         Tloc           0%         N/A       99%         3
 Teleport Other           Tloc           0%         N/A       99%         3


Dungeon Overview and Level Annotations

Branches:
Dungeon (3/15)

Altars:

Annotations:
D:2 1 runed translucent door, Crazy Yiuf
D:3 Natasha


Innate Abilities, Weirdness & Mutations

You are immune to sickness and miasma.
Your stone body is resilient. (AC +4)
You are immune to poison.
You resist negative energy. (rN+)
You are resistant to electric shocks. (rElec)
You are resistant to unholy torment.
You are immune to petrification.


Message History

You feel troubled.
Natasha mumbles some strange words.
The white imp gestures at you. The puff of frost hits you.
Natasha barely misses you. The white imp gestures at you.
The puff of frost hits you!
You barely miss Natasha. The white imp closely misses you.
Natasha casts a spell.
You block the white imp's attack.
You closely miss Natasha. The white imp gestures at you.
The puff of frost hits you but does no damage.
The white imp hits you but does no damage.
Natasha casts a spell at you. The magic dart hits you.
You closely miss Natasha. The white imp gestures at you.
The puff of frost hits you! The white imp gestures at you.
The puff of frost hits you.
* * * LOW HITPOINT WARNING * * *
Natasha barely misses you.
You hit Natasha.
Natasha is lightly wounded.
The white imp hits you but does no damage.
The white imp barely misses you. Natasha casts a spell at you.
You feel yourself slow down.
The crimson imp hits you but does no damage.
You thump Natasha!
Natasha is severely wounded.
The white imp completely misses you. The white imp misses you.
Natasha barely misses you. The crimson imp hits you.
* * * LOW HITPOINT WARNING * * *
Natasha barely misses you.
The white imp hits you but does no damage.
The white imp hits you.
* * * LOW HITPOINT WARNING * * *
The white imp freezes you.
You die...

###.# #..... ...#
######.. ###..# #.......
.. ....# #.####..
#..###..#######.####..
#.......##......#.....
........)#.#<.........
..####.##.#..........
.#h@...#.#..........
......555...............
.......##..#.#......#...
.....####..#............
............<.........#.
.##...####.#.#..........
#......#..............
........#.#..........
.#.##...#)#.##.###.#.


You could see Natasha, a crimson imp (summoned) and 2 white imps.

Vanquished Creatures
  Natasha (D:3)
  3 adders (D:3)
  A worm (D:2)
  5 dart slugs
  An orc (D:3)
  6 endoplasms
  3 goblins
  5 hobgoblins
  9 jackals
  12 kobolds
  2 quokkas
  2 ball pythons
  7 bats
  8 frilled lizards
  6 rats
71 creatures vanquished.

Vanquished Creatures (others)
  2 plants (D:1)
2 creatures vanquished.

Grand Total: 73 creatures vanquished

Notes
Turn   | Place    | Note
-------+----------+-------------------------------------------
     0 | D:1      | fishmans the Gargoyle Fighter began the quest for the Orb.
     0 | D:1      | Reached XP level 1. HP: 14/14 MP: 1/1
   138 | D:1      | Reached XP level 2. HP: 16/19 MP: 2/2
   227 | D:1      | Reached skill level 3 in Maces & Flails
   767 | D:1      | Reached XP level 3. HP: 23/23 MP: 3/3
  1266 | D:1      | Found a faded altar of an unknown god.
  1926 | D:2      | Found a runed translucent door.
  1927 | D:2      | Noticed Crazy Yiuf
  2082 | D:2      | Reached skill level 4 in Maces & Flails
  2977 | D:2      | Reached XP level 4. HP: 28/28 MP: 4/4
  3509 | D:3      | Reached skill level 5 in Maces & Flails
  3670 | D:3      | Noticed Natasha
  3699 | D:3      | Killed Natasha
  3700 | D:3      | Reached XP level 5. HP: 21/32 MP: 5/5
  3886 | D:3      | Noticed Natasha
  3897 | D:3      | Slain by a white imp

Illustrated notes

Levels and vault maps discovered:
D:1:      kilobyte_arrival_exit_the_forest, layout_basic,
          hellmonk_ecumenical_altar_leap_of_faith, serial_forest,
          infiniplex_forest_clump_medium, infiniplex_forest_lined_2,
          infiniplex_forest_clump_small, infiniplex_forest_straight_3,
          infiniplex_forest_side_room, infiniplex_forest_straight_2,
          infiniplex_forest_side_room, minmay_pentomino_t4
D:2:      layout_loops_corners, kennysheep_crisscross, uniq_crazy_yiuf_cottage
D:3:      minmay_chambers_of_threes, layout_basic, mainiacjoe_overflow_chevrons,
          nicolae_hepliaklqana_hippocampus, uniq_natasha

Skill      XL: |  1  2  3  4 |
---------------+-------------+-----
Maces & Flails | 3 4 5 |  5.2
Fighting       | |  3.2
Armour         | |  3.2
Shields        | |  3.2

Action                   |  1- 3 |  4- 6 || total
-------------------------+-------+-------++-------
Melee: Flail             |   130 |   118 ||   248
  Use: Scroll            |     7 |       ||     7
       Potion            |       |     1 ||     1
Armor: Scale mail        |    56 |   119 ||   175
Dodge: Dodged            |    56 |   109 ||   165
Block: Buckler           |    26 |    33 ||    59
